 Dungeon Crawl Stone Soup version 0.29-a0-214-g17f627cfee (webtiles) character file.

Game seed: 4726380919894063434

2402 Crownlay the Thaumaturge (level 9, 0/62 HPs)
             Began as a Black Draconian Conjurer on Feb 24, 2022.
             Was a Follower of Vehumet.
             Slain by a manticore (4 damage)
             ... on level 8 of the Dungeon.
             The game lasted 00:12:18 (8137 turns).

Crownlay the Thaumaturge (Black Draconian Conjurer) Turns: 8137, Time: 00:12:19

Health: 0/62       AC:  7    Str: 10    XL:     9   Next: 23%
Magic:  11/21      EV: 12    Int: 22    God:    Vehumet [*.....]
Gold:   327        SH:  0    Dex: 10    Spells: 15/25 levels left

rFire   . . .      SeeInvis .   f - staff of conjuration
rCold   . . .      Faith    .   (no shield)
rNeg    . . .      Spirit   .   (body armour unavailable)
rPois   .          Reflect  .   (helmet restricted)
rElec   +          Harm     .   (no cloak)
rCorr   .          Rampage  .   (no gloves)
Will    .....                   (no boots)
Stlth   ++........              p - amulet of regeneration
HPRegen 1.80/turn               (no ring)
MPRegen 0.17/turn               (no ring)

@: no status effects
A: breathe lightning, AC +7, unfitting armour, electricity resistance,
cold-blooded, talons 1, regeneration 1, MP-powered wands
a: Breathe Lightning, Renounce Religion


You were on level 8 of the Dungeon.
You worshipped Vehumet.
Vehumet was aware of your devotion.
You visited 2 branches of the dungeon, and saw 9 of its levels.

You collected 327 gold pieces.

Inventory:

Armour
 l - a +0 buckler
Magical Staves
 f - a staff of conjuration (weapon)
Jewellery
 g - an amulet of the acrobat
 p - an amulet of regeneration (around neck)
Wands
 o - a wand of iceblast (10)
 w - a wand of acid (4)
Scrolls
 a - a scroll of magic mapping {unknown}
 b - 2 scrolls of blinking
 c - 2 scrolls of enchant armour
 d - 4 scrolls of teleportation
 h - a scroll of torment {unknown}
 i - a scroll of fear {unknown}
 j - a scroll of vulnerability {unknown}
 m - a scroll of holy word {unknown}
 n - a scroll of identify
 r - a scroll of summoning {unknown}
 x - a scroll of fog {unknown}
Potions
 e - 2 potions of flight
 k - 2 potions of curing
 q - 2 potions of mutation
 s - a potion of attraction {unknown}
 t - a potion of haste {unknown}
 u - 3 potions of might
 v - a potion of resistance {unknown}


   Skills:
 - Level 1.7 Dodging
 - Level 1.7 Stealth
 * Level 8.8 Spellcasting
 + Level 7.7 Conjurations
 + Level 5.7 Air Magic


You had 15 spell levels left.
You knew the following spells:

 Your Spells              Type           Power      Damage    Failure   Level
a - Magic Dart            Conj           100%       1d8       1%          1
b - Searing Ray           Conj           100%       2d8       1%          2
c - Dazzling Flash        Conj/Hex       80%        N/A       4%          3
d - Fulminant Prism       Conj/Hex       20%        3d13      14%         4

Your spell library contained the following spells:

 Spells                   Type           Power      Damage    Failure   Level
 Foxfire                  Conj/Fire      100%       2x1d9     1%          1
 Iskenderun's Mystic Bla  Conj/Tloc      40%        2d9       14%         4


Dungeon Overview and Level Annotations

Branches:
Dungeon (8/15)             Temple (1/1) D:6
   Lair: D:8-11

Altars:
Ashenzari
Cheibriados
Elyvilon
Hepliaklqana
Makhleb
Nemelex Xobeh
Okawaru
Ru
Sif Muna
Trog
Vehumet
Xom
Yredelemnul
The Shining One

Shops:
D:5 (

Portals:
Abyss: D:7

Annotations:
D:7 2 transporters, kae's ghost, novice DrTm


Innate Abilities, Weirdness & Mutations

You can breathe wild blasts of lightning.
Your glossy black scales are hard. (AC +7)
You cannot fit into any form of body armour.
You are resistant to electric shocks. (rElec)
You are cold-blooded and may be slowed by cold attacks.
You have sharp toenails.
Your natural rate of healing is unusually fast.
You expend magic power (3 MP) to strengthen your wands.


Message History

The manticore bites you!
The manticore claws you but does no damage.
The manticore claws you.
Casting: Searing Ray (safe; 1% risk of failure)
Confirm with . or Enter, or press ? or * to list all spells.
Aiming: Searing Ray (safe; 1% risk of failure)
Press: ? - help, Shift-Dir - straight line, f/p - manticore
Aim: a manticore (lightly wounded, 90% to hit)
You feel a surge of power!
The searing ray hits the manticore.
The manticore is lightly wounded. (Press . to maintain the ray.)
The manticore bites you! The manticore claws you.
* * * LOW HITPOINT WARNING * * *
The manticore claws you.
* * * LOW HITPOINT WARNING * * *
The searing ray hits the manticore but does no damage.
The manticore is lightly wounded.
The manticore completely misses you.
The manticore claws you but does no damage.
The manticore claws you.
* * * LOW HITPOINT WARNING * * *
The searing ray hits the manticore.
The manticore is moderately wounded.
You carefully extract the barbed spikes from your body.
The manticore bites you but does no damage.
The manticore claws you!
* * * LOW HITPOINT WARNING * * *
The manticore completely misses you.
The searing ray hits the manticore.
The manticore is moderately wounded.
You finish channelling your searing ray.
The manticore bites you.
* * * LOW HITPOINT WARNING * * *
The manticore claws you.
* * * LOW HITPOINT WARNING * * *
The manticore closely misses you. The manticore barely misses you.
The manticore claws you.
* * * LOW HITPOINT WARNING * * *
The manticore claws you.
You die...

.........
.......................
.).#...^..............
...#.................
....................
...................
)...## ....>......##
....## #........H..##
.....###........@...#
.....##..........#..##
...........##....# .###.
............#...## ###.
....)...##.......# #..
.#....).###......## ..
##.....)#.#.......## .
.............<.....##
.......)............#####


You could see a manticore.

Vanquished Creatures
  3 yaks (D:7)
  2 water moccasins
  Pargi (D:4)
  An ice beast (D:7)
  A necrophage (D:5)
  A black bear (D:6)
  2 bullfrogs
  2 wyvern zombies (D:8)
  3 scorpions
  A wyvern skeleton (D:7)
  3 howler monkeys (D:7)
  5 wights
  A bullfrog zombie (D:4)
  2 hounds (D:5)
  A gnoll shaman (D:8)
  An orc priest (D:8)
  A centaur skeleton (D:3)
  3 iguanas
  7 orc wizards
  2 adders (D:5)
  3 gnolls (D:8)
  4 worms
  A dart slug (D:3)
  24 orcs
  5 bats
  5 endoplasms
  3 giant cockroaches
  5 goblins
  5 hobgoblins
  5 kobolds
  4 quokkas
  5 ball pythons
  5 frilled lizards
  3 rats
120 creatures vanquished.

Vanquished Creatures (others)
  3 fulminant prisms (D:8)
3 creatures vanquished.

Grand Total: 123 creatures vanquished

Notes
Turn   | Place    | Note
-------+----------+-------------------------------------------
     0 | D:1      | Crownlay the Draconian Conjurer began the quest for the
                  | Orb.
     0 | D:1      | Reached XP level 1. HP: 14/14 MP: 3/3
   110 | D:1      | Reached XP level 2. HP: 10/20 MP: 0/5
   383 | D:1      | Learned a level 2 spell: Searing Ray
  1615 | D:2      | Reached skill level 3 in Spellcasting
  1615 | D:2      | Reached XP level 3. HP: 26/26 MP: 3/7
  2744 | D:3      | Reached XP level 4. HP: 30/33 MP: 0/9
  3573 | D:4      | Noticed Pargi
  3593 | D:4      | Gained mutation: You expend magic power (3 MP) to
                  | strengthen your wands. [potion of mutation]
  3593 | D:4      | Gained mutation: Your natural rate of healing is unusually
                  | fast. [potion of mutation]
  3593 | D:4      | Gained mutation: You have sharp toenails. [potion of
                  | mutation]
  3605 | D:4      | Killed Pargi
  3606 | D:4      | Reached skill level 4 in Spellcasting
  3606 | D:4      | Reached skill level 5 in Conjurations
  3606 | D:4      | Reached XP level 5. HP: 11/38 MP: 2/11
  3882 | D:4      | Reached skill level 5 in Spellcasting
  3882 | D:4      | Reached XP level 6. HP: 37/45 MP: 4/13
  4004 | D:4      | You fall into a shaft and drop 2 floors!
  4006 | D:6      | Found a staircase to the Ecumenical Temple.
  4015 | Temple   | Entered the Ecumenical Temple
  4207 | Temple   | Became a worshipper of Vehumet
  4231 | D:5      | Entered Level 5 of the Dungeon
  4334 | D:5      | Learned a level 3 spell: Dazzling Flash
  4570 | D:5      | Found Janita Tuh's Weapon Emporium.
  5051 | D:5      | Your scales start taking on a glossy black colour.
  5051 | D:5      | Reached XP level 7. HP: 50/50 MP: 10/15
  5051 | D:5      | Gained mutation: You are resistant to electric shocks.
                  | (rElec) [Black Draconian growth]
  5502 | D:5      | Reached skill level 6 in Spellcasting
  5517 | D:5      | Reached skill level 1 in Air Magic
  5945 | D:6      | Learned a level 4 spell: Fulminant Prism
  6347 | D:7      | Noticed a yak
  6399 | D:7      | Found a transporter.
  6402 | D:7      | Found a transporter.
  6403 | D:7      | Noticed a red ugly thing
  6425 | D:7      | Reached * piety under Vehumet
  6425 | D:7      | Offered knowledge of Foxfire by Vehumet.
  6516 | D:7      | Identified the +1 ring mail of Supple Strength {rC++ Regen+
                  | Str-3 Stlth+}
  6655 | D:7      | Reached skill level 7 in Spellcasting
  6655 | D:7      | Reached XP level 8. HP: 54/57 MP: 13/18
  6715 | D:7      | Found a one-way gate to the infinite horrors of the Abyss.
  6715 | D:7      | Noticed kae's ghost (novice DrTm)
  7274 | D:7      | Reached skill level 8 in Spellcasting
  7379 | D:8      | Reached skill level 5 in Air Magic
  7427 | D:8      | Reached XP level 9. HP: 46/61 MP: 6/21
  8126 | D:8      | Noticed a manticore
  8137 | D:8      | Slain by a manticore

Illustrated notes

Levels and vault maps discovered:
D:1:      dpeg_arrival_rooms_a, layout_basic,
          amcnicky_mini_rare_corridor_liquid, nrook_loot_triangle,
          wander_ebering_terrifying_dragon_lair
D:2:      layout_loops_cross, serial_rivers, chequers_serial_rivers_micro_e,
          chequers_serial_rivers_small_3, chequers_serial_rivers_room_b,
          chequers_serial_rivers_large_b
D:3:      layout_loops_ring, chequers_serial_rivers_micro_d
D:4:      layout_loops_ring, uniq_pargi
D:5:      layout_basic, serial_shops, nicolae_shop_trees
D:6:      layout_cave_pools, minmay_temple_entry_butterflies
D:7:      layout_basic, gammafunk_ghost_abyssal_escape
D:8:      layout_cave_pools, hangedman_glass_teeth
Temple:   mainiacjoe_temple_trianglar_array

Skill      XL: |  1  2  3  4  5  6  7  8 |
---------------+-------------------------+-----
Spellcasting   | 3 4 5 7 8 |  8.8
Conjurations   | 5 6 7 |  7.7
Air Magic      | 3 5 |  5.7
Dodging        | |  1.7
Stealth        | |  1.7

Action                   |  1- 3 |  4- 6 |  7- 9 || total
-------------------------+-------+-------+-------++-------
Melee: Dagger            |     6 |       |       ||     6
       Tailslap          |     2 |     1 |       ||     3
       Staff             |     9 |     9 |     1 ||    19
       Kick              |       |     2 |       ||     2
 Cast: Magic Dart        |    47 |    53 |    77 ||   177
       Searing Ray       |    11 |    16 |    34 ||    61
       Fulminant Prism   |       |       |     3 ||     3
  Use: Scroll            |     2 |     2 |     2 ||     6
       Potion            |       |     5 |       ||     5
Armor: Skin              |    11 |    24 |    15 ||    50
Dodge: Dodged            |    20 |    51 |    34 ||   105

Table legend: (Time is in decaauts)
 A = Elapsed time spent in this place.
 B = Non-inter-level travel time spent in this place.
 C = Inter-level travel time spent in this place.
 D = Time resting spent in this place.
 E = Time spent auto-exploring this place.
 F = Levels seen in this place.
 G = Mean time per level.
                   A        B        C        D        E       F      G
               +--------+--------+--------+--------+--------+-----+--------+
         Total |   8175 |   7969 |    206 |      0 |   7126 |   9 |  908.3 |
       Dungeon |   7969 |   7775 |    194 |      0 |   6940 |   8 |  996.1 |
        Temple |    205 |    193 |     12 |      0 |    186 |   1 |  205.0 |
               +--------+--------+--------+--------+--------+-----+--------+

Top non-repeatable levels by time:
     D:5: 1440 daAuts
     D:2: 1403 daAuts
     D:7: 1146 daAuts
     D:1: 1128 daAuts
     D:3: 975 daAuts
     D:6: 679 daAuts
     D:8: 661 daAuts
     D:4: 534 daAuts
  Temple: 205 daAuts
